Map: Kairos Junction LE

Players

Lambo

  • Race: Zerg Zerg
  • Spawn Location: 5:00

goblin - Winner!

  • Race: Protoss Protoss
  • Spawn Location: 11:00

Event: 2019 WCS Spring

VOD

Have the link to the VOD?

Description

Time

  • Played on: May 17, 2019, 2:17 p.m.
  • Length: 5:59

All games in this series

Show
View Real Time Build Order
Export as new Build Order

Lambo Zerg 

Build Orders: Hatch First 

Get SALT Encoding   

  12  0:00  Drone  
  13  0:12  Overlord  
  13  0:16  Drone  
  14  0:30  Drone x2  
  16  0:41  Drone  
  17  0:51  Hatchery  
  17  0:54  Drone  
  17  0:58  Drone  
  18  1:07  Extractor  
  17  1:13  Spawning Pool  
  17  1:16  Drone  
  17  1:19  Drone  
  18  1:28  Drone  
  19  1:39  Drone  
  20  1:52  Overlord  
  20  2:00  Queen  
  22  2:02  Queen  
  22  2:03  Zergling x2  
  22  2:04  Drone  
  26  2:10  Zergling x2  
  27  2:17  Drone  
  28  2:23  Drone  
  28  2:25  Drone  
  30  2:35  Hatchery  
  29  2:37  Drone  
  29  2:41  Drone  
  31  2:45  Drone  
  31  2:51  Overlord  
  32  2:54  Drone  
  32  2:57  Drone  
  34  3:00  Queen  
  36  3:10  Drone x4  
  40  3:15  Overlord  
  40  3:16  Drone  
  40  3:18  Drone  
  42  3:21  Drone  
  42  3:23  Lair  
  43  3:28  Drone  
  43  3:34  Roach Warren, Drone x2  
  45  3:36  Drone  
  46  3:42  Extractor x2  
  46  3:44  Drone x4  
  48  3:52  Drone  
  48  3:53  Queen  
  48  3:55  Drone x2  
  53  3:59  Overlord  
  53  4:11  Overlord  
  53  4:15  Roach x2  
  57  4:18  Roach x3  
  57  4:21  Overseer  
  57  4:23  Overlord x2  
  63  4:28  Overlord  
  63  4:30  Roach  
  65  4:33  Overlord  
  65  4:40  Overlord  
  65  4:42  Roach x3  
  75  4:45  Roach x2  
  75  4:48  Overlord  
  75  4:52  Roach  
  77  4:53  Roach  
  77  4:58  Roach x2  
  82  5:01  Roach x2  
  82  5:04  Roach  
  90  5:07  Roach  
  90  5:10  Roach x2  
  90  5:14  Roach  
  96  5:19  Roach x3  
  96  5:21  Roach  
  98  5:23  Roach  
  90  5:28  Roach  
  90  5:31  Roach  
  90  5:35  Roach  
  81  5:39  Roach  
Show
View Real Time Build Order
Export as new Build Order

goblin Protoss - Winner!

Build Orders: 1 Gate Expand 

Get SALT Encoding   

  12  0:00  Probe  
  13  0:12  Probe  
  14  0:18  Pylon  
  14  0:24  Probe  
  15  0:32  Probe  
  15  0:40  Probe  
  15  0:41  Gateway  
  16  0:48  Assimilator  
  17  0:51  Probe  
  18  1:03  Probe  
  19  1:23  Nexus  
  19  1:25  Probe  
  20  1:34  Cybernetics Core  
  20  1:38  Probe  
  21  1:44  Assimilator  
  21  1:50  Probe  
  21  1:52  Pylon  
  22  2:00  Probe  
  22  2:02  Stalker  
  22  2:08  Probe  
  26  2:16  Probe  
  26  2:20  Robotics Facility  
  27  2:28  Warp Gate, Probe  
  28  2:30  Probe  
  29  2:38  Probe, Adept  
  29  2:41  Probe  
  33  2:49  Probe  
  34  2:53  Probe  
  35  2:59  Warp Prism  
  35  3:00  Twilight Council  
  35  3:01  Probe  
  38  3:19  Gateway  
  39  3:23  Immortal  
  39  3:26  Charge  
  43  3:44  Gateway  
  43  3:45  Gateway  
  43  3:54  Gateway  
  43  3:56  Gateway  
  43  3:58  Immortal  
  43  4:03  Assimilator x2  
  46  4:14  Gateway x2  
  46  4:26  Pylon  
  46  4:27  Pylon  
  46  4:41  Pylon  
  46  4:44  Stalker, Adept  
  50  4:50  Pylon  
  50  4:54  Zealot x4  
  58  5:10  Zealot x4  
  66  5:23  Zealot x4  
  60  5:34  Zealot x4  
  58  5:46  Zealot x3  
  58  5:47  Zealot  
  64  5:55  Zealot x2  
  64  5:56  Zealot x2  
Tags
 
Add a new tag
Caveats
  • Supply blocks, unpowered buildings, or Contaminate may cause inaccurate times.
  • Supply counts are checked every 10 seconds.